AoeStats
← Palomekiu

Arabia

509798335Analyzed
1v1 RM · 4d ago on Sep 28, 2026· 44m 33s· 2 players
Game mode
Random Map
Map size
Tiny (2 player)
Population
200
Speed
Normal
Resources
Standard
Victory
Conquest
Starting age
Dark Age
Ending age
Imperial Age
RankedLock teamsTeams togetherTeam positionsShared explorationLock speedFull tech treeHidden civsTurbo modeCheats
Victory
Defeat
🇦🇷 Franks · Argentina
996
+24
🇨🇴 Dravidians · Colombia
996
-16
Palomekiu
7:13 Loom
9:17 Feudal Age
16:51 Double-Bit Axe
21:32 Castle Age
20:25 Scale Barding Armor
21:58 Forging
23:07 Chain Barding Armor
23:36 Husbandry
26:35 Fletching
27:02 Padded Archer Armor
29:39 Elite Skirmisher
30:52 Leather Archer Armor
31:23 Fletching
36:56 Coinage
40:50 Imperial Age
43:16 Bodkin Arrow
43:25 Cavalier
44:43 Conscription
CARLOS5DN
7:56 Loom
10:52 Feudal Age
11:30 Double-Bit Axe
22:30 Castle Age
21:38 Horse Collar
21:54 Gold Mining
22:22 Fletching
22:32 Padded Archer Armor
26:49 Forging
32:36 Bodkin Arrow
35:41 Light Cavalry
Connection lost

Rejoining the realm…

Still unreachable

The connection could not be restored.

Session expired

The server has moved on; the page needs a fresh start.